 Dungeon Crawl Stone Soup version 0.14.2 (webtiles) character file.

1618 KristoblXynda the Chopper (level 8, -7/105 HPs)
             Began as a Black Draconian Gladiator on June 24, 2022.
             Mangled by KristoblXynda's ghost (14 damage)
             ... on Level 6 of the Dungeon.
             The game lasted 00:09:15 (3915 turns).

KristoblXynda the Chopper (DrGl)                    Turns: 3915, Time: 00:09:15

HP  -7/105       AC 25     Str 18      XL: 8   Next: 30%
MP   8/8         EV  1     Int  9      God:
Gold 327         SH  0     Dex 13      Spells:  0 memorised,  7 levels left

rFire  . . .     SeeInvis .     a - +0,+1 war axe
rCold  . . .     Clarity  .     (armour unavailable)
rNeg   + + +     Conserve .     (no shield)
rPois  +         rCorr    .     c - +1 hat
rElec  .         rRot     .     g - melded +0 cloak
SustAb . .       Spirit   .     b - melded +0 pair of gloves
rMut   .         Warding  .     (boots currently unavailable)
Saprov . . .     NoTele   +     (no amulet)
MR     .....                    (no ring)
                                o - ring of sustenance

@: tree-form, short of breath, heavily drained, not resistant to hostile
enchantments, unstealthy
A: (breathe lightning), unfitting armour, (electricity resistance), AC +6
a: no special abilities


You were on level 6 of the Dungeon.
You were not hungry.
You were an animated tree.
You visited 1 branch of the dungeon, and saw 6 of its levels.
You also visited: Sewer.

You collected 327 gold pieces.

Inventory:

Hand weapons
 a - a +0,+1 war axe (weapon)
 x - a +0,+0 morningstar
Missiles
 d - 4 throwing nets (quivered)
Armour
 b - a +0 pair of gloves (melded)
 c - a +1 hat (worn)
 g - a +0 cloak (melded)
Magical devices
 v - a wand of disintegration (3)
 w - a wand of draining (7)
Comestibles
 f - 3 bread rations
 k - 2 pears
 p - a choko
 r - 4 meat rations
 z - an apple
Scrolls
 e - 10 scrolls of teleportation
 i - 4 scrolls of remove curse
 m - 2 scrolls of recharging
 q - a scroll of magic mapping
 u - a scroll of enchant weapon II
 y - a scroll of amnesia
Jewellery
 o - a ring of sustenance (left branch)
 s - an uncursed ring of fire
Potions
 h - 4 potions of curing
 j - a potion of haste {unknown}
 l - a potion of magic
 t - a potion of restore abilities


   Skills:
 + Level 5.9(3.4) Fighting
 * Level 7.7(5.1) Axes
 - Level 2.0(0.0) Throwing
 + Level 5.2(2.8) Dodging


You had 7 spell levels left.
You didn't know any spells.

Dungeon Overview and Level Annotations

Branches:
Dungeon (6/15)
 Temple: D:4-7

Altars:
Dithmenos
Kikubaaqudgha
Nemelex Xobeh
Sif Muna

Annotations:
D:6 KristoblXynda's ghost, experienced DrGl


Innate Abilities, Weirdness & Mutations

((You can breathe wild blasts of lightning.))*
((Your glossy black scales are hard (AC +6).))*
Your body does not fit into most forms of armour.
Your cold-blooded metabolism reacts poorly to cold.
((You are resistant to electric shocks.))*


Message History

KristoblXynda's ghost completely misses you.
KristoblXynda's ghost hits you!
* * * LOW HITPOINT WARNING * * *
You hit KristoblXynda's ghost but do no damage.
KristoblXynda's ghost is severely damaged.
KristoblXynda's ghost hits you!
* * * LOW HITPOINT WARNING * * *
You closely miss KristoblXynda's ghost.
KristoblXynda's ghost is severely damaged.
KristoblXynda's ghost completely misses you.
You hit KristoblXynda's ghost but do no damage.
KristoblXynda's ghost is severely damaged.
KristoblXynda's ghost hits you.
* * * LOW HITPOINT WARNING * * *
It'd take too long for a potion to reach your roots.
It'd take too long for a potion to reach your roots.
You closely miss KristoblXynda's ghost.
KristoblXynda's ghost is severely damaged.
KristoblXynda's ghost hits you!
You die...

# .... #.# ..... #.# /...p. #.#
....... ### #.# ......z
######.## #.# ...(... #<......#
#.# ........######.......# #.#
.........Op♣.........# #.#
........######.......###.#
############# #.........#.#
#.........#########.....###.#.#
#<...%....................#...#
#.........########....###.#.###
########### ###......#...#
#....###.#.### #......#...#


You could see an ogre and KristoblXynda's ghost.

Vanquished Creatures
  Grinder (D:4)
  An ice beast (D:5)
  2 ogres
  A crocodile (Sewer)
  Sigmund (D:4)
  A giant frog (D:6)
  2 scorpions
  A hound (D:4)
  An orc priest (D:3)
  A jelly (D:5)
  Crazy Yiuf (D:4)
  A centaur skeleton (D:5)
  An orc wizard (D:3)
  2 iguanas
  2 worker ants (D:4)
  A hound skeleton (D:5)
  4 gnolls (D:4)
  4 adders
  A worm (D:4)
  An orc skeleton (D:4)
  4 giant geckos
  2 oozes
  5 orcs (D:3)
  14 bats
  6 giant cockroaches
  17 goblins
  9 hobgoblins
  7 kobolds
  2 ball pythons
  5 giant newts (D:2)
  A hobgoblin skeleton (D:4)
  11 jackals
  12 rats
  A rat zombie (D:6)
126 creatures vanquished.

Notes
Turn   | Place    | Note
--------------------------------------------------------------
     0 | D:1      | KristoblXynda, the Draconian Gladiator, began the quest for the Orb.
     0 | D:1      | Reached XP level 1. HP: 17/17 MP: 1/1
   139 | D:1      | Reached XP level 2. HP: 15/25 MP: 2/2
   663 | D:2      | Reached XP level 3. HP: 19/30 MP: 3/3
  1221 | D:2      | Found a deep blue altar of Sif Muna.
  1516 | D:3      | Reached XP level 4. HP: 38/38 MP: 4/4
  1659 | D:3      | Noticed an ogre
  1664 | D:3      | Killed an ogre
  1664 | D:3      | Reached skill level 4 in Axes
  1664 | D:3      | Reached XP level 5. HP: 41/46 MP: 5/5
  2111 | D:3      | Reached skill level 5 in Axes
  2295 | D:4      | Noticed Grinder
  2298 | D:4      | Reached XP level 6. HP: 52/52 MP: 6/6
  2328 | D:4      | Paralysed by Grinder for 2 turns
  2332 | D:4      | Paralysed by Grinder for 3 turns
  2337 | D:4      | Killed Grinder
  2337 | D:4      | Reached skill level 6 in Axes
  2337 | D:4      | Your scales start taking on a glossy black colour.
  2337 | D:4      | Gained mutation: You are resistant to electric shocks. [draconian maturity]
  2337 | D:4      | Reached XP level 7. HP: 32/60 MP: 7/7
  2437 | D:4      | Found a glowing drain.
  2459 | Sewer    | Entered a sewer
  2691 | D:4      | Reached skill level 5 in Fighting
  2811 | D:4      | Found a shadowy altar of Dithmenos.
  2890 | D:4      | Noticed an ogre
  2897 | D:4      | Killed an ogre
  2951 | D:4      | Noticed Sigmund
  2967 | D:4      | Killed Sigmund
  2967 | D:4      | Reached skill level 7 in Axes
  3164 | D:4      | Found a sparkling altar of Nemelex Xobeh.
  3253 | D:4      | Found an ancient bone altar of Kikubaaqudgha.
  3335 | D:4      | Noticed Crazy Yiuf
  3337 | D:4      | Killed Crazy Yiuf
  3379 | D:5      | Entered Level 5 of the Dungeon
  3400 | D:5      | Reached XP level 8. HP: 57/69 MP: 8/8
  3579 | D:5      | Reached skill level 5 in Dodging
  3878 | D:6      | Noticed KristoblXynda's ghost (experienced DrGl)
  3915 | D:6      | Mangled by KristoblXynda's ghost

Action                   |  1- 3 |  4- 6 |  7- 9 || total
-------------------------+-------+-------+-------++-------
Melee: War axe           |   142 |   106 |   161 ||   409
Throw: Throwing net      |       |     1 |       ||     1
 Abil: Breathe Lightning |       |       |     3 ||     3
Evoke: Wand              |       |     7 |     9 ||    16
  Use: Scroll            |     3 |     4 |    10 ||    17
       Potion            |       |     4 |     7 ||    11
